 Dungeon Crawl Stone Soup version 0.31-a0-233-g139696dc86 (webtiles) character file.

Game seed: 8090738079145240085

39 qw the Shooter (level 3, -4/21 HPs)
             Began as a Gargoyle Hexslinger on July 7, 2023.
             Frozen to death by an endoplasm (5 damage)
             ... on level 2 of the Dungeon.
             The game lasted 00:00:17 (624 turns).

qw the Shooter (Gargoyle Hexslinger)                 Turns: 624, Time: 00:00:18

Health: -4/21      AC:  6    Str: 11    XL:     3   Next: 45%
Magic:  4/4        EV: 11    Int: 13    God:
Gold:   41         SH:  0    Dex: 14    Spells: 3/4 levels left

rFire   . . .        Y - +1 sling
rCold   . . .        (no shield)
rNeg    + . .        e - +0 leather armour
rPois   inf          (no helmet)
rElec   +            (no cloak)
rCorr   .            (no gloves)
SInv    .            (no boots)
Will    .....        (no amulet)
Stlth   +            (no ring)
HPRegen 0.23/turn    (no ring)
MPRegen 0.09/turn

%: no passive effects
@: about to teleport
A: sickness immunity, AC +3, negative energy resistance 1, electricity
resistance, torment resistance 1, petrification resistance
a: no special abilities


You were on level 2 of the Dungeon.
You visited 1 branch of the dungeon, and saw 2 of its levels.

You collected 81 gold pieces.
You spent 40 gold pieces at shops.


Innate Abilities, Weirdness & Mutations

You are immune to sickness and miasma.
Your stone body is resilient. (AC +3)
You are immune to poison.
You resist negative energy. (rN+)
You are resistant to electric shocks. (rElec)
You are resistant to unholy torment.
You are immune to petrification.


   Skills:
 - Level 2.0 Fighting
 + Level 3.3 Ranged Weapons
 - Level 1.5 Dodging
 - Level 1.0 Spellcasting
 - Level 2.6 Hexes


You had 3 spell levels left.
You knew the following spells:

 Your Spells              Type           Power      Damage    Failure   Level
a - Slow                  Hex            28%        N/A       12%         1

Your spell library contained the following spells:

 Spells                   Type           Power      Damage    Failure   Level
 Inner Flame              Hex/Fire       4%         N/A       54%         3
 Portal Projectile        Hex/Tloc       8%         N/A       54%         3
 Cause Fear               Hex            3%         N/A       77%         4

Inventory:

Hand Weapons
 Y - a +1 sling (weapon)
Armour
 e - a +0 leather armour (worn)
Scrolls
 f - 2 scrolls of identify

Dungeon Overview and Level Annotations

Branches:
Dungeon (2/15)

Altars:

Shops:
D:1 (*?:!


Message History

The adder barely misses you.
You shoot a sling bullet. The sling bullet hits the adder.
The adder is heavily wounded.
The adder bites you. The ball python barely misses you. x2
The adder bites you but does no damage. The ball python bites you.
The ball python grabs you. The ball python constricts you.
You shoot a sling bullet. The sling bullet hits the ball python.
You kill the ball python!
The adder bites you. The dart slug launches a dart at you.
The slug dart hits you. The adder closely misses you.
You shoot a sling bullet.
The sling bullet barely misses the adder.
The adder closely misses you. The dart slug launches a dart at you.
The slug dart hits you.
You shoot a sling bullet. The sling bullet hits the adder.
The adder is almost dead.
The adder completely misses you. x2
You shoot a sling bullet. The sling bullet hits the adder.
You kill the adder!
The dart slug launches a dart at you.
The slug dart hits you but does no damage.
You shoot a sling bullet. The sling bullet hits the dart slug.
The dart slug is heavily wounded.
The dart slug barely misses you.
You shoot a sling bullet. The sling bullet hits the dart slug.
You kill the dart slug!
The endoplasm freezes you.
You are frozen.
You shoot a sling bullet. The sling bullet hits the endoplasm.
The endoplasm is heavily wounded.
The endoplasm freezes you.
You are frozen.
624 ||| READING scroll of teleportation.
As you read the scroll of teleportation, it crumbles to dust.
You feel strangely unstable. The endoplasm freezes you.
You are frozen.
You die...

..#### ..... #... ... #
##### ########.# ..
.##.####.....##.####.###
.##........#+##.........
.##.####.#......@%....?.
.##.#........####J###.##
.............# .#
.##......#..... ..
########.#.#.##. ##.
#.#.#... .. .. #.#.#.##
. .# #.#.# ..


You could see an endoplasm.

Vanquished Creatures
  An adder (D:2)
  2 dart slugs
  3 endoplasms (D:1)
  A goblin (D:2)
  5 hobgoblins (D:1)
  A quokka (D:1)
  4 ball pythons
  A bat (D:1)
  3 frilled lizards (D:1)
  A kobold (D:2)
  4 rats
26 creatures vanquished.

Notes
Turn   | Place    | Note
-------+----------+-------------------------------------------
     0 | D:1      | qw the Gargoyle Hexslinger began the quest for the Orb.
     0 | D:1      | Reached XP level 1. HP: 12/12 MP: 2/2
     0 | D:1      | 0 ||| qw: Version: 0.3-a-46-gb1f654a
     0 | D:1      | 0 ||| qw: Game counter: 3240
     0 | D:1      | 0 ||| qw: Melee chars always use a shield: true
     0 | D:1      | 0 ||| qw: God list: Okawaru
     0 | D:1      | 0 ||| qw: Allow faded altars: false
     0 | D:1      | 0 ||| qw: Do Orc after clearing Dungeon:15 true
     0 | D:1      | 0 ||| qw: Do second Lair branch before Depths: true
     0 | D:1      | 0 ||| qw: Lair rune preference: random
     0 | D:1      | 0 ||| qw: Goals: Normal
     0 | D:1      | 0 ||| PLANNING D:1-11
    20 | D:1      | Found Qemiloc's Assorted Antiques.
    29 | D:1      | 29 ||| SHOPLISTING 2 metallic puce potions (36 gold, have
                  | 10).
    29 | D:1      | 29 ||| SHOPLISTING glowing robe (74 gold, have 10).
    29 | D:1      | 29 ||| SHOPLISTING longbow (130 gold, have 10).
    29 | D:1      | 29 ||| SHOPLISTING metallic green potion (18 gold, have
                  | 10).
    29 | D:1      | 29 ||| SHOPLISTING scroll labelled ASAUPE MEWK (20 gold,
                  | have 10).
    29 | D:1      | 29 ||| SHOPLISTING scroll labelled KYFFEG XEWNYTU (20 gold,
                  | have 10).
    29 | D:1      | 29 ||| SHOPLISTING scroll labelled LOBOEXIYWKA (20 gold,
                  | have 10).
    29 | D:1      | 29 ||| SHOPLISTING scroll labelled RETHEI SEDALY (20 gold,
                  | have 10).
    29 | D:1      | 29 ||| SHOPLISTING scroll labelled RUEHI MYKHAODIPP (20
                  | gold, have 10).
    48 | D:1      | Found Kano's Weapon Boutique.
    96 | D:1      | Found a faded altar of an unknown god.
   146 | D:1      | Reached XP level 2. HP: 16/16 MP: 3/3
   251 | D:1      | Found Zocado's Magic Scroll Boutique.
   259 | D:1      | 259 ||| SHOPLISTING scroll of enchant weapon (75 gold, have
                  | 46).
   259 | D:1      | 259 ||| BUYING scroll of identify (20 gold).
   259 | D:1      | Bought a scroll of identify for 20 gold pieces
   259 | D:1      | 259 ||| BUYING scroll of identify (20 gold).
   259 | D:1      | Bought a scroll of identify for 20 gold pieces
   272 | D:1      | Found Van Zit's Book Shop.
   286 | D:1      | Found Digh's Distillery.
   293 | D:1      | 293 ||| SHOPLISTING potion of curing (39 gold, have 6).
   293 | D:1      | 293 ||| SHOPLISTING potion of enlightenment (65 gold, have
                  | 6).
   293 | D:1      | 293 ||| SHOPLISTING potion of haste (130 gold, have 6).
   293 | D:1      | 293 ||| SHOPLISTING potion of mutation (104 gold, have 6).
   302 | D:1      | Reached skill level 3 in Ranged Weapons
   524 | D:1      | 524 ||| UPGRADING to +0 leather armour.
   534 | D:1      | 534 ||| DROPPING +0 robe.
   535 | D:1      | 535 ||| READING 2 scrolls labelled FURGHO EDIKLA.
   539 | D:1      | 539 ||| READING scroll labelled RETHEI SEDALY.
   540 | D:1      | 540 ||| READING scroll labelled QUSKONOHIH.
   541 | D:1      | 541 ||| DROPPING scroll of poison.
   610 | D:2      | Reached XP level 3. HP: 21/21 MP: 4/4
   623 | D:2      | HP: 1/21 [frozen (5)]
   624 | D:2      | 624 ||| READING scroll of teleportation.
   624 | D:2      | Frozen to death by an endoplasm

Levels and vault maps discovered:
D:1:      dpeg_arrival_arbitrary_c, layout_rooms, serial_shops, shop, shop,
          shop, shop, shop, chequers_ecumenical_altar_simple,
          kennysheep_another_room
D:2:      layout_basic, minmay_diced_spiral

Skill      XL: |  1  2 |
---------------+-------+-----
Ranged Weapons | 3 |  3.3
Fighting       | 2 |  2.0
Dodging        | |  1.5
Spellcasting   | |  1.0
Hexes          | |  2.6

Action                     || total
---------------------------++-------
   Fire: Sling             ||    74
    Use: Scroll            ||     4
 Armour: Leather armour    ||     3
         Robe              ||     1
  Dodge: Dodged            ||    29

Table legend:
 A = Non-vault XP
 B = Vault XP
 C = Vault XP percentage of total XP
 D = Non-vault monster count
 E = Vault monster count
 F = Vault count percentage of total count
                 A         B        C        D         E       F
            +---------+---------+-------+---------+---------+-------
      Total |      33 |      23 |  41.1 |      20 |       6 |  23.1
            +---------+---------+-------+---------+---------+-------
        D:1 |      31 |       0 |   0.0 |      18 |       0 |   0.0
        D:2 |       2 |      23 |  92.0 |       2 |       6 |  75.0
            +---------+---------+-------+---------+---------+-------
